 Dungeon Crawl Stone Soup version 0.20.1-1-g8b1a95d (webtiles) character file.

137 slep the Slasher (level 5, 0/46 HPs)
             Began as a Minotaur Monk on Nov 5, 2017.
             Succumbed to a scorpion's poison
             ... on level 4 of the Dungeon.
             The game lasted 00:11:19 (2010 turns).

slep the Slasher (Minotaur Monk)                    Turns: 2010, Time: 00:11:20

Health: 0/46       AC:  4    Str: 15    XL:     5   Next: 0%
Magic:  4/4        EV: 11    Int:  7    God:
Gold:   94         SH:  7    Dex: 14    Spells: 4/4 levels left

rFire    + . .     SeeInvis .   a - +0 falchion
rCold    x . .     Gourm    .   o - +0 shield
rNeg     . . .     Faith    .   x - +0 leather armour
rPois    .         Spirit   .   (helmet restricted)
rElec    .         Reflect  .   (no cloak)
rCorr    .         Harm     .   (no gloves)
MR       .....     Rnd*Tele +   w - +0 pair of boots
Stlth    ++........             (no amulet)
Regen    0.2/turn               n - ring of teleportation (curse)
MPRegen  0.1/turn               q - ring of fire

@: lethally poisoned (0 -> -18)
A: retaliatory headbutt, horns 2
a: no special abilities


You were on level 4 of the Dungeon.
You were not hungry.

You visited 1 branch of the dungeon, and saw 4 of its levels.

You collected 94 gold pieces.

Inventory:

Hand Weapons
 a - a +0 falchion (weapon)
Missiles
 i - 88 arrows
 y - 9 sling bullets
Armour
 b - a +0 robe
 o - a +0 shield (worn)
 w - a +0 pair of boots (worn)
 x - a +0 leather armour (worn)
Jewellery
 n - a cursed ring of teleportation (left hand)
 q - a ring of fire (right hand)
Scrolls
 j - 5 scrolls of identify {unknown}
 m - a scroll of amnesia {unknown}
 p - 2 scrolls of remove curse {unknown}
 s - a scroll of teleportation {unknown}
 u - a scroll of recharging {unknown}
Potions
 e - a potion of might
 f - a potion of heal wounds {unknown}
 g - a potion of magic
 h - a potion of agility {unknown}
 l - a potion of flight {unknown}
 v - a potion of resistance
Comestibles
 c - 2 bread rations
 d - 2 chunks of flesh
 k - 4 meat rations
 r - a fruit


   Skills:
 + Level 4.2 Fighting
 + Level 5.1 Long Blades
 + Level 4.3 Dodging
 + Level 2.2 Stealth
 + Level 0.8 Shields


You had 4 spell levels left.
You didn't know any spells.

Dungeon Overview and Level Annotations

Branches:
Dungeon (4/15)
 Temple: D:4-7

Altars:
Ashenzari
Cheibriados
Fedhas
Kikubaaqudgha
Makhleb
Nemelex Xobeh
Okawaru
Xom
Zin
The Shining One


Innate Abilities, Weirdness & Mutations

You reflexively headbutt those who attack you in melee.
You have a pair of horns on your head.


Message History

A scorpion comes into view.
The scorpion stings you.
You are poisoned.
The scorpion poisons you!
You barely miss the scorpion.
You feel sick. The scorpion stings you.
* * * LOW HITPOINT WARNING * * *
You are lethally poisoned!
The scorpion poisons you!
You hit the scorpion.
The scorpion is lightly wounded.
* * * LOW HITPOINT WARNING * * *
You feel sick. You block the scorpion's attack.
You hit the scorpion.
The scorpion is lightly wounded.
* * * LOW HITPOINT WARNING * * *
You feel sick. The scorpion stings you.
* * * LOW HITPOINT WARNING * * *
You hit the scorpion.
The scorpion is moderately wounded.
You die...

## #####... ###......
.......#
#########.##..#
#.....s@...#..#
#.#.######.#..#
######.#..# #.........#
#.####.#.## #.#.# ..
#.#.########.. #
#.............
#.#.#.####..#.##P##P..#


You could see a scorpion.

Vanquished Creatures
  A hound (D:4)
  A gnoll (D:3)
  3 adders
  An ooze (D:2)
  3 worms
  A dart slug (D:1)
  2 leopard geckos
  A giant cockroach (D:4)
  8 goblins
  8 hobgoblins
  8 kobolds
  A quokka (D:4)
  5 bats
  2 frilled lizards
  7 rats
  A plant (D:1)
53 creatures vanquished.

Notes
Turn   | Place    | Note
-------+----------+-------------------------------------------
     0 | D:1      | slep the Minotaur Monk began the quest for the Orb.
     0 | D:1      | Reached XP level 1. HP: 19/19 MP: 0/0
   150 | D:1      | Reached XP level 2. HP: 23/27 MP: 1/1
   156 | D:1      | Reached skill level 4 in Long Blades
  1007 | D:2      | Reached XP level 3. HP: 33/33 MP: 2/2
  1041 | D:2      | Found an iron altar of Okawaru.
  1045 | D:2      | Found a glowing golden altar of the Shining One.
  1045 | D:2      | Found a shimmering altar of Xom.
  1047 | D:2      | Found a sparkling altar of Nemelex Xobeh.
  1048 | D:2      | Found a glowing silver altar of Zin.
  1121 | D:2      | Found a shattered altar of Ashenzari.
  1387 | D:2      | Found a snail-covered altar of Cheibriados.
  1413 | D:2      | Found a blossoming altar of Fedhas.
  1414 | D:2      | Found an ancient bone altar of Kikubaaqudgha.
  1503 | D:2      | Reached XP level 4. HP: 35/40 MP: 3/3
  1885 | D:3      | HP: 2/40 [gnoll/halberd (6)]
  1947 | D:4      | Found a burning altar of Makhleb.
  1950 | D:4      | Reached skill level 5 in Long Blades
  1983 | D:4      | Reached XP level 5. HP: 17/46 MP: 4/4
  2010 | D:4      | Succumbed to a scorpion's poison

Skill      XL: |  1  2  3  4 |
---------------+-------------+-----
Long Blades    | 4 5 |  5.1
Stealth        | 2 |  2.2
Fighting       | 4 |  4.2
Dodging        | 4 |  4.3
Shields        | |  0.8

Action                   |  1- 3 |  4- 6 || total
-------------------------+-------+-------++-------
Melee: Falchion          |   138 |    29 ||   167
       Headbutt          |    22 |     9 ||    31
  Use: Potion            |       |     4 ||     4
 Stab: Sleeping          |     6 |       ||     6
  Eat: Chunk             |     2 |     2 ||     4
Armor: Robe              |    11 |       ||    11
       Leather armour    |       |     8 ||     8
Dodge: Dodged            |    38 |    13 ||    51
Block: Shield            |    19 |    17 ||    36
       Rpst.: Falchion   |     8 |     2 ||    10
